 Dungeon Crawl Stone Soup version 0.23-a0-394-g6ce9549 (webtiles) character file.

3806 sl00ts the Markscentaur (level 9, -8/82 HPs)
             Began as a Centaur Hunter on Nov 1, 2018.
             Was a Priest of Okawaru.
             Mangled by a yak (39 damage)
             ... on level 9 of the Dungeon.
             The game lasted 00:18:38 (10399 turns).

sl00ts the Markscentaur (Centaur Hunter)           Turns: 10399, Time: 00:18:38

Health: -8/82      AC:  7    Str: 17    XL:     9   Next: 96%
Magic:  9/9        EV: 10    Int: 10    God:    Okawaru [***...]
Gold:   393        SH:  0    Dex: 17    Spells: 8/8 levels left

rFire    . . .     SeeInvis .   b - +1 whip (flame)
rCold    . . .     Gourm    .   (no shield)
rNeg     . . .     Faith    .   c - +0 leather armour
rPois    .         Spirit   .   w - +2 helmet
rElec    .         Reflect  .   (no cloak)
rCorr    .         Harm     .   (no gloves)
MR       +....                  (no barding)
Stlth    ++........             (no amulet)
HPRegen  0.23/turn              h - +4 ring of dexterity
MPRegen  0.11/turn              y - ring of stealth

@: sleeping, very quick
A: large, claws 1, hooves 3, deformed body, speed 2, magic resistance 1, strong
1, tough skin 3, MP-powered wands, sturdy frame 1
a: Heroism, Renounce Religion


You were on level 9 of the Dungeon.
You worshipped Okawaru.
Okawaru was most pleased with you.
You were not hungry.

You visited 2 branches of the dungeon, and saw 10 of its levels.

You collected 393 gold pieces.

Inventory:

Hand Weapons
 a - a +2 shortbow
 b - a +1 whip of flaming (weapon)
Armour
 c - a +0 leather armour (worn)
 w - a +2 helmet (worn)
Jewellery
 h - a +4 ring of dexterity (left claw)
 j - an uncursed ring of resist corrosion
 l - an uncursed ring of protection from fire
 m - an uncursed ring of wizardry
 y - a ring of stealth (right claw)
Wands
 o - a wand of scattershot (12)
Scrolls
 n - a scroll of enchant armour
 p - a scroll of enchant weapon
 u - 8 scrolls of remove curse
 x - 2 scrolls of identify
 z - 3 scrolls of amnesia
 A - a scroll of magic mapping {unknown}
Potions
 e - 3 potions of brilliance
 g - a potion of ambrosia {unknown}
 i - 2 potions of degeneration {unknown}
 k - a potion of haste {unknown}
 q - a potion of invisibility
 r - 2 potions of magic
 s - 3 potions of berserk rage
 t - 2 potions of cancellation {unknown}
 v - 3 potions of heal wounds
Comestibles
 f - 7 rations


   Skills:
 + Level 8.5 Fighting
 * Level 15.2 Bows
 - Level 1.3 Dodging
 - Level 0.4 Stealth


You had 8 spell levels left.
You didn't know any spells.
Your spell library contained the following spells:

 Spells                   Type           Power        Failure   Level  Hunger
 Animate Skeleton         Necr           N/A          36%         1    ##.....
 Apportation              Tloc           #.....       36%         1    ##.....
 Confusing Touch          Hex            #.....       36%         1    ##.....
 Summon Small Mammal      Summ           #...         36%         1    ##.....


Dungeon Overview and Level Annotations

Branches:
Dungeon (9/15)             Temple (1/1) D:5
   Lair: D:8-11         Orc: D:9-12

Altars:
Ashenzari
Cheibriados
Dithmenos
Elyvilon
Fedhas
Gozag
Hepliaklqana
Kikubaaqudgha
Makhleb
Nemelex Xobeh
Okawaru
Qazlal
Ru
Trog
Uskayaw
Vehumet
Wu Jian
Xom
Yredelemnul
Zin
The Shining One


Innate Abilities, Weirdness & Mutations

You have hooves in place of feet.
Armour fits poorly on your strangely shaped body.
You cover ground very quickly.
You have extremely tough skin. (AC +3)
You have sharp fingernails.
You are resistant to hostile enchantments. (MR+)
Your muscles are strong. (Str +2)
You expend magic power (3 MP) to strengthen your wands.
Your movements are slightly less encumbered by armour. (ER -2)


Message History

The yak closely misses you.
You barely miss the yak. You kick the yak, but do no damage.
The yak is severely wounded.
The yak closely misses you.
You hit the yak. You burn the yak. You kick the yak.
The yak is severely wounded.
The yak gores you.
You barely miss the yak. Your kick misses the yak.
The yak is severely wounded.
The yak barely misses you.
You barely miss the yak. You kick the yak, but do no damage.
The yak is severely wounded.
The yak gores you!
The dream sheep ruffle their wool and motes of dream dust sparkle, to no You hit the yak.
You burn the yak.
The yak is almost dead.
The dream sheep shake their wool and sparkle.
You feel drowsy...
You fall asleep.
The yak gores you!!!
You die...

# #.......#.# #.
#.......#.## #..
#..######... +...
#..#........
#....#########..#........
#...............#........
...###.######..#........
#.## #..######### #.@#
#..........# ##Y#
#..........# #Y#
#...........
#PP≈(Y(≈.##...........
#P≈(.(%..#............
#≈(P.(P%.#............
#P≈≈.(...#............
#(≈P.(...#............
#+###'''###########...


You could see a yak and 2 dream sheep.

Vanquished Creatures
  Pikel (D:4)
  A yak (D:9)
  A hungry ghost (D:7)
  2 water moccasins
  An orc warrior (D:9)
  A black bear (D:8)
  3 ogres
  A centaur (D:5)
  3 big kobolds
  2 bullfrogs
  A gnoll sergeant (D:9)
  A scorpion (D:4)
  4 killer bees
  7 wights
  A howler monkey (D:5)
  4 crimson imps
  2 jellies
  3 hounds
  6 orc priests
  3 centaur skeletons
  10 orc wizards
  4 bullfrog skeletons
  5 worker ants
  A hound zombie (D:5)
  2 worker ant zombies
  A howler monkey skeleton (D:6)
  6 adders
  10 gnolls
  2 shadow imps
  An ooze (D:2)
  4 worms
  5 leopard geckos
  25 orcs
  3 ball pythons
  6 giant cockroaches
  6 goblins
  8 hobgoblins
  9 jackals
  11 bats
  8 frilled lizards
  2 jackal skeletons
  11 kobolds
  6 rats
194 creatures vanquished.

Vanquished Creatures (others)
  A slave (D:4)
  3 orcs (D:4)
  A leopard gecko skeleton (D:4)
5 creatures vanquished.

Grand Total: 199 creatures vanquished

Notes
Turn   | Place    | Note
-------+----------+-------------------------------------------
     0 | D:1      | sl00ts the Centaur Hunter began the quest for the Orb.
     0 | D:1      | Reached XP level 1. HP: 17/17 MP: 1/1
     6 | D:1      | Noticed a six-headed hydra
     6 | D:1      | Noticed a hog
     6 | D:1      | Noticed an iguana
     7 | D:1      | Noticed a swamp worm
     7 | D:1      | Noticed a salamander
   175 | D:1      | Reached XP level 2. HP: 24/24 MP: 2/2
   235 | D:1      | Reached skill level 6 in Bows
   408 | D:1      | Reached XP level 3. HP: 27/30 MP: 3/3
  1413 | D:2      | Reached XP level 4. HP: 26/37 MP: 4/4
  1625 | D:2      | Reached skill level 7 in Bows
  1799 | D:2      | Found an ancient bone altar of Kikubaaqudgha.
  2212 | D:3      | Gained mutation: Your magical capacity is low. (-10% MP)
                  | [potion of mutation]
  2212 | D:3      | Gained mutation: You have sharp fingernails. [potion of
                  | mutation]
  2212 | D:3      | Gained mutation: You are robust. (+10% HP) [potion of
                  | mutation]
  2731 | D:4      | Reached XP level 5. HP: 43/49 MP: 4/4
  3296 | D:4      | Noticed a slave
  3296 | D:4      | Noticed a slave
  3296 | D:4      | Noticed a slave
  3296 | D:4      | Noticed Pikel
  3344 | D:3      | Reached skill level 8 in Bows
  3364 | D:4      | Killed Pikel
  3364 | D:4      | Reached skill level 10 in Bows
  3364 | D:4      | Reached XP level 6. HP: 10/60 MP: 5/5
  3364 | D:4      | Reached XP level 7. HP: 11/66 MP: 6/6
  3590 | D:4      | Reached skill level 5 in Fighting
  4606 | D:4      | Lost mutation: Your magical capacity is low. (-10% MP)
                  | [potion of mutation]
  4606 | D:4      | Lost mutation: You are robust. (+10% HP) [potion of
                  | mutation]
  4606 | D:4      | Gained mutation: You are resistant to hostile enchantments.
                  | (MR+) [potion of mutation]
  4606 | D:4      | Gained mutation: Your movements are slightly less
                  | encumbered by armour. (ER -2) [potion of mutation]
  4606 | D:4      | Gained mutation: You expend magic power (3 MP) to
                  | strengthen your wands. [potion of mutation]
  4606 | D:4      | Gained mutation: Your muscles are strong. (Str +2) [potion
                  | of mutation]
  4743 | D:5      | Entered Level 5 of the Dungeon
  5013 | D:5      | Reached skill level 11 in Bows
  5105 | D:5      | Reached XP level 8. HP: 60/69 MP: 8/8
  5291 | D:5      | Found a staircase to the Ecumenical Temple.
  5367 | Temple   | Entered the Ecumenical Temple
  5500 | Temple   | Became a worshipper of Warmaster Okawaru
  6167 | D:6      | Reached skill level 12 in Bows
  7564 | D:7      | Reached * piety under Okawaru
  7588 | D:7      | Reached skill level 13 in Bows
  7832 | D:7      | Reached XP level 9. HP: 71/79 MP: 9/9
  8509 | D:7      | Reached ** piety under Okawaru
  8800 | D:8      | Reached skill level 14 in Bows
  9974 | D:8      | Found a radiant altar of Vehumet.
  9974 | D:8      | Found a glowing golden altar of the Shining One.
 10162 | D:9      | Found a sacrificial altar of Ru.
 10167 | D:9      | Found a blossoming altar of Fedhas.
 10168 | D:9      | Found an ornate altar of the Wu Jian Council.
 10170 | D:9      | Found a basalt altar of Yredelemnul.
 10173 | D:9      | Found a hazy altar of Hepliaklqana.
 10310 | D:9      | Reached skill level 15 in Bows
 10384 | D:9      | Reached *** piety under Okawaru
 10399 | D:9      | Mangled by a yak

Vault maps used:
D:1:      onia_arrival_zoo_common, minmay_pentomino_u2
D:2:      lemuel_upstairs_altar, marbit_many_paths, kennysheep_flooded_box,
          feat_on_display
D:3:      biasface_ghost_orc_armoury
D:4:      small_statue_intersection, hangedman_abyss_or_decor_lesser_grid,
          uniq_pikel
D:5:      minmay_temple_entry_mist, first_ration, minivault_11
D:6:      minmay_klotski
D:8:      gammafunk_temple_overflow_wave
D:9:      led_sif_pool, minitemple, kennysheep_orc_monster_closet_entryway,
          hangedman_ranch
Temple:   dshaligram_water_room_temple

Skill      XL: |  1  2  3  4  5  6  7  8  9 |
---------------+----------------------------+-----
Bows           | 6 7 10 11 13 15 | 15.2
Fighting       | 3 4 5 7 8 |  8.5
Dodging        | |  1.3
Stealth        | |  0.4

Action                   |  1- 3 |  4- 6 |  7- 9 || total
-------------------------+-------+-------+-------++-------
Melee: Shortbow          |     9 |       |     1 ||    10
       Kick              |     3 |    35 |    17 ||    55
       Short sword       |       |   125 |    28 ||   153
       Unarmed           |       |       |    20 ||    20
       Whip              |       |       |     9 ||     9
 Fire: Shortbow          |   111 |       |   517 ||   628
  Use: Potion            |       |     6 |     2 ||     8
       Scroll            |       |       |    16 ||    16
 Stab: Invisible         |       |     3 |       ||     3
  Eat: Chunk             |       |     5 |     7 ||    12
       Ration            |       |       |     4 ||     4
Armor: Leather armour    |    17 |    52 |    87 ||   156
Dodge: Dodged            |    24 |    93 |   141 ||   258

Table legend:
 A = Non-vault XP
 B = Vault XP
 C = Vault XP percentage of total XP
 D = Non-vault monster count
 E = Vault monster count
 F = Vault count percentage of total count
                 A         B        C        D         E       F
            +---------+---------+-------+---------+---------+-------
      Total |    4374 |    1064 |  19.6 |     188 |       6 |   3.1
            +---------+---------+-------+---------+---------+-------
        D:1 |      57 |       2 |   3.4 |      36 |       1 |   2.7
        D:2 |     100 |       2 |   2.0 |      21 |       1 |   4.5
        D:3 |      65 |       0 |   0.0 |      10 |       0 |   0.0
        D:4 |     270 |     651 |  70.7 |      13 |       1 |   7.1
        D:5 |     739 |       0 |   0.0 |      33 |       0 |   0.0
        D:6 |     600 |       0 |   0.0 |      15 |       0 |   0.0
        D:7 |     904 |       0 |   0.0 |      27 |       0 |   0.0
        D:8 |    1111 |       0 |   0.0 |      19 |       0 |   0.0
        D:9 |     528 |     409 |  43.6 |      14 |       3 |  17.6
            +---------+---------+-------+---------+---------+-------
